 Dungeon Crawl Stone Soup version 0.26-b1-32-g5d43845318 (webtiles) character file.

Game seed: 16664890691814547508

249 Hugehornet the Changer (level 6, -2/57 HPs)
             Began as an Octopode Transmuter on Jan 13, 2021.
             Slain by an orc
             ... wielding a +0 short sword
              (5 damage)
             ... on level 3 of the Dungeon.
             The game lasted 00:03:41 (2174 turns).

Hugehornet the Changer (Octopode Transmuter)        Turns: 2174, Time: 00:03:41

Health: -2/57      AC:  1    Str: 10    XL:     6   Next: 12%
Magic:  7/9        EV: 13    Int: 17    God:
Gold:   118        SH:  0    Dex: 12    Spells: 3/9 levels left

rFire    . . .     SeeInvis .     - Unarmed
rCold    . . .     Faith    .   (no shield)
rNeg     . . .     Spirit   .   (helmet restricted)
rPois    .         Reflect  .   (no amulet)
rElec    .         Harm     .   (no ring)
rCorr    .         Rampage  .   (no ring)
Will     .....                  (no ring)
Stlth    ..........             (no ring)
HPRegen  0.19/turn              (no ring)
MPRegen  0.11/turn              (no ring)
                                (no ring)
                                (no ring)

@: berserking, very quick
A: almost no armour, stealthy swim, amphibious, 8 rings, constrict 8, camouflage
1, gelatinous body 1
a: no special abilities


You were on level 3 of the Dungeon.
You visited 1 branch of the dungeon, and saw 4 of its levels.

You collected 118 gold pieces.

Inventory:

Jewellery
 e - an uncursed ring of positive energy {unknown}
Scrolls
 a - a scroll of enchant armour {unknown}
 c - 2 scrolls of identify {unknown}
 f - a scroll of remove curse {unknown}
Potions
 d - a potion of heal wounds {unknown}


   Skills:
 - Level 1.0 Fighting
 - Level 2.0 Dodging
 - Level 3.0 Unarmed Combat
 - Level 2.0 Spellcasting
 * Level 5.6 Transmutations
 - Level 3.0 Poison Magic


You had 3 spell levels left.
You knew the following spells:

 Your Spells              Type           Power        Failure   Level
a - Beastly Appendage     Tmut           40%          1%          1
b - Wereblood             Tmut           20%          3%          2
c - Spider Form           Tmut/Pois      8%           10%         3

Your spell library contained the following spells:

 Spells                   Type           Power        Failure   Level
 Blade Hands              Tmut           10%          47%         5
 Ice Form                 Ice/Tmut       11%          52%         4


Dungeon Overview and Level Annotations

Branches:
Dungeon (4/15)
 Temple: D:4-7

Altars:


Innate Abilities, Weirdness & Mutations

You cannot wear most types of armour.
You are very stealthy in the water. (Stealth+)
You are amphibious.
You can wear up to eight rings at the same time.
You can use your tentacles to constrict eight enemies at once.
Your skin changes colour to match your surroundings (Stealth+).
Your rubbery body absorbs attacks. (AC +1, EV +1)


Message History

A red film seems to cover your vision as you go berserk!
You feel yourself moving faster!
You feel mighty!
You constrict the orc wizard. The orc wizard misses you.
You are too berserk!
You bludgeon the orc wizard!
You kill the orc wizard!
You howl as the wereblood boils in your veins!
You have reached level 6!
Your experience leads to an increase in your attributes!
Increase (S)trength, (I)ntelligence, or (D)exterity?
You feel clever.
You batter the giant cockroach!!
You kill the giant cockroach!
Your primal bloodlust has ended.
You bludgeon the leopard gecko!
You kill the leopard gecko!
The orc throws a boomerang.
The boomerang misses you.
The weapon returns to the orc!
The orc hits you with a +0 short sword.
You die...

#... ....# #...
..... ... ......
#.. ......
..##......
.o.......
#gog..... ###@#
##.))#
#####..###
###....>#####...
........>.......
###..(..#####o..
....##### ###


You could see 2 orcs and 2 hobgoblins.

Vanquished Creatures
  A scorpion (D:4)
  2 orc priests (D:3)
  2 orc wizards (D:3)
  5 adders
  An ooze (D:1)
  2 worms
  2 dart slugs (D:1)
  A leopard gecko (D:3)
  2 orcs (D:3)
  3 giant cockroaches
  2 goblins
  4 hobgoblins (D:1)
  A ball python (D:1)
  4 bats (D:1)
  2 frilled lizards
  A kobold (D:3)
  3 rats
38 creatures vanquished.

Notes
Turn   | Place    | Note
-------+----------+-------------------------------------------
     0 | D:1      | Hugehornet the Octopode Transmuter began the quest for the
                  | Orb.
     0 | D:1      | Reached XP level 1. HP: 13/13 MP: 3/3
   443 | D:1      | Reached XP level 2. HP: 16/18 MP: 3/5
   446 | D:1      | Learned a level 2 spell: Wereblood
   491 | D:1      | Reached skill level 3 in Transmutations
  1036 | D:1      | Reached XP level 3. HP: 23/23 MP: 4/6
  1040 | D:1      | Learned a level 3 spell: Spider Form
  1504 | D:2      | Reached skill level 1 in Poison Magic
  1937 | D:2      | Reached XP level 4. HP: 27/28 MP: 5/7
  2002 | D:2      | You fall into a shaft and drop 2 floors!
  2062 | D:4      | Reached skill level 4 in Transmutations
  2139 | D:3      | Reached XP level 5. HP: 30/33 MP: 6/8
  2165 | D:3      | Reached skill level 5 in Transmutations
  2167 | D:3      | HP: 1/33 [orc priest/nerve-wracking pain (6)]
  2172 | D:3      | Reached XP level 6. HP: 3/38 MP: 7/9
  2174 | D:3      | Slain by an orc

Illustrated notes

Levels and vault maps discovered:
D:1:      erik_arrival_cave_to_civilisation [erik_arrival_cave_to_temple],
          layout_basic, serial_bayou_pond_a, minmay_door_square
D:2:      layout_rooms, uniq_terence
D:3:      layout_rooms, chequers_ecumenical_altar_island, uniq_natasha,
          uniq_jessica
D:4:      layout_rooms, grunt_temple_overflow_opulence, minmay_misc_feat_roman

Skill      XL: |  1  2  3  4  5 |
---------------+----------------+-----
Transmutations | 3 4 5 |  5.6
Poison Magic   | 1 2 3 |  3.0
Fighting       | |  1.0
Dodging        | |  2.0
Unarmed Combat | |  3.0
Spellcasting   | |  2.0

Action                   |  1- 3 |  4- 6 || total
-------------------------+-------+-------++-------
Melee: Unarmed           |    54 |    37 ||    91
       Constrict         |    19 |    10 ||    29
       Kick              |    13 |    12 ||    25
       Punch             |     1 |       ||     1
       Tentacles         |     8 |     9 ||    17
 Cast: Beastly Appendage |    18 |     3 ||    21
       Wereblood         |       |     1 ||     1
  Use: Potion            |       |     1 ||     1
 Stab: Sleeping          |     4 |     2 ||     6
Armor: Skin              |     6 |     1 ||     7
Dodge: Dodged            |    24 |    16 ||    40
